 Dungeon Sprint DCSS version 0.27.1-33-g824d729ab1 (webtiles) character file.

Game seed: 9778435563933781686

1232 manyhoops the Grappler (level 8, -4/141 HPs)
             Began as a Troll Berserker on Nov 29, 2021.
             Was an Elder of Trog.
             Slain by a centaur warrior (13 damage)
             ... in the Dungeon (Sprint I: "Red Sonja").
             The game lasted 00:01:27 (500 turns).

manyhoops the Grappler (Troll Berserker)             Turns: 500, Time: 00:01:28

Health: -4/141     AC:  6    Str: 28    XL:     8   Next: 24%
Magic:  7/7        EV: 10    Int:  3    God:    Trog [****..]
Gold:   425        SH:  0    Dex:  9    Spells: 7/7 levels left

rFire    . . .     SeeInvis .     - Unarmed
rCold    . . .     Faith    .   (no shield)
rNeg     . . .     Spirit   .   h - +2 robe {Archmagi}
rPois    .         Reflect  .   (helmet restricted)
rElec    .         Harm     .   (no cloak)
rCorr    .         Rampage  .   (gloves unavailable)
Will     .....     Archmagi +   (boots unavailable) Stlth ..........NoTele +
                                (no amulet)
HPRegen  1.33/turn              (no ring)
MPRegen  0.10/turn              (no ring)

@: berserking, hasted, slow
A: large, unfitting armour, claws 3, regeneration 1, shaggy fur 1, tough skin 1
a: Renounce Religion, Berserk, Trog's Hand, Brothers in Arms


You were in the Dungeon.
You worshipped Trog.
Trog was greatly pleased with you.
You visited 1 branch You collected 425 gold pieces.

Inventory:

Armour
 h - a +2 robe of the Archmagi (worn)
Scrolls
 a - a scroll of immolation {unknown}
Potions
 b - a potion of curing
 e - 2 potions of magic
 f - a potion of berserk rage


   Skills:
 + Level 10.4 Fighting
 - Level 2.4 Dodging
 + Level 13.6 Unarmed Combat


You had 7 spell levels left.
You didn't know any spells.
Your spell library was empty.

Dungeon Overview and Level Annotations

Branches:
Dungeon (1/1)

Altars:
Cheibriados
Dithmenos
Elyvilon
Fedhas
Gozag
Hepliaklqana
Kikubaaqudgha
Makhleb
Nemelex Xobeh
Okawaru
Qazlal
Ru
Sif Muna
Trog
Uskayaw
Vehumet
Wu Jian
Xom
Yredelemnul
Zin
The Shining One
Jiyva
Lugonu

Shops:
D :


Innate Abilities, Weirdness & Mutations

You are too large for most types of armour.
You have claws for hands.
Your natural rate of healing is unusually fast.
You are covered in fur. (AC +1)
You have tough skin. (AC +1)


Message History

Found a scroll labelled VYSUKE NUFESHE.
You feel a strong urge to attack something.
The centaur warrior unwields a +0 shortbow.
The centaur warrior hits you but does no damage.
The centaur warrior kicks you but does no damage.
The centaur warrior shoots an arrow.
The arrow hits you!
* * * LOW HITPOINT WARNING * * *
The centaur warrior shoots an arrow.
The arrow hits you!
* * * LOW HITPOINT WARNING * * *
The centaur warrior hits you!
* * * LOW HITPOINT WARNING * * *
The centaur warrior kicks you but does no damage.
You barely miss the centaur warrior.
The centaur warrior shoots an arrow.
The arrow hits you!
* * * LOW HITPOINT WARNING * * *
You are too injured to fight recklessly!
You barely miss the centaur warrior. The centaur warrior hits you.
* * * LOW HITPOINT WARNING * * *
The centaur warrior kicks you.
* * * LOW HITPOINT WARNING * * *
You are too injured to fight recklessly!
Unknown command.
Unknown command.
You are too injured to fight recklessly!
You mangle the centaur warrior!!
The centaur warrior is moderately wounded.
The centaur warrior shoots an arrow.
The arrow closely misses you. The centaur warrior closely misses you.
The centaur warrior kicks you but does no damage.
You claw the centaur warrior! Your claw misses the centaur warrior.
The centaur warrior is heavily wounded.
The centaur warrior hits you but does no damage.
The centaur warrior closely misses you.
You closely miss the centaur warrior.
The centaur warrior is heavily wounded.
You claw the centaur warrior!
The centaur warrior is moderately wounded.
The centaur warrior unwields a +0 shortbow.
The centaur warrior hits you!
You die...

#########################
<.#..'..#..'..#__#..'K.5#
..').#..'[.#).'^.'..#)4.#
..#####'#####'#__####...+
..####..#...#.####§§#####
).#__####..##.#≈§§§§#
..#_____##'#_.§§§c§§+
⌠⌠#_.∩...'..._#≈@c§.#
###_..__##_.#'##§####
#_____###+#.#?[$? #######
####+###


You could see 2 centaur warriors.

Vanquished Creatures
  2 kobold demonologists (D)
  A slime creature (D)
  Sigmund (D)
  A yak (D)
  A floating eye (D)
  An ogre (D)
  A jelly (D)
  Ijyb (D)
9 creatures vanquished.

Notes
Turn   | Place    | Note
-------+----------+-------------------------------------------
     0 | D        | manyhoops the Troll Berserker began the quest for the Orb.
     0 | D        | Reached XP level 1. HP: 22/22 MP: 0/0
     1 | D        | Noticed Ijyb
     6 | D        | Killed Ijyb
     7 | D        | Reached skill level 5 in Unarmed Combat
     7 | D        | Reached XP level 2. HP: 28/32 MP: 1/1
    37 | D        | Noticed an ogre
    49 | D        | Killed an ogre
    50 | D        | Reached skill level 5 in Fighting
    50 | D        | Reached skill level 7 in Unarmed Combat
    50 | D        | Reached XP level 3. HP: 44/44 MP: 2/2
    50 | D        | Reached XP level 4. HP: 52/52 MP: 3/3
    88 | D        | Noticed Sigmund
    96 | D        | Killed Sigmund
    96 | D        | Reached ** piety under Trog
    97 | D        | Reached skill level 9 in Unarmed Combat
    97 | D        | Reached XP level 5. HP: 62/62 MP: 4/4
    97 | D        | Reached XP level 6. HP: 71/71 MP: 5/5
   149 | D        | Found an ornate altar of the Wu Jian Council.
   149 | D        | Found a shimmering blue altar of Sif Muna.
   151 | D        | Found a radiant altar of Vehumet.
   291 | D        | Found Pait's Book Emporium.
   291 | D        | Found an ancient bone altar of Kikubaaqudgha.
   291 | D        | Found a hazy altar of Hepliaklqana.
   291 | D        | Found a stormy altar of Qazlal.
   291 | D        | Found a hide-covered altar of Uskayaw.
   291 | D        | Found a blossoming altar of Fedhas.
   291 | D        | Found a bloodstained altar of Trog.
   291 | D        | Found an iron altar of Okawaru.
   291 | D        | Found a basalt altar of Yredelemnul.
   291 | D        | Found a glowing golden altar of the Shining One.
   291 | D        | Found a snail-covered altar of Cheibriados.
   291 | D        | Found a sacrificial altar of Ru.
   291 | D        | Found a glowing silver altar of Zin.
   291 | D        | Found a shadowy altar of Dithmenos.
   291 | D        | Found a white marble altar of Elyvilon.
   291 | D        | Noticed a yak
   295 | D        | Killed a yak
   296 | D        | Reached skill level 11 in Unarmed Combat
   296 | D        | Found an opulent altar of Gozag.
   297 | D        | Found a sparkling altar of Nemelex Xobeh.
   352 | D        | Found a burning altar of Makhleb.
   352 | D        | Found a viscous altar of Jiyva.
   352 | D        | Found a shimmering altar of Xom.
   352 | D        | Found a corrupted altar of Lugonu.
   352 | D        | Noticed a slime creature
   357 | D        | Killed a slime creature
   357 | D        | Reached *** piety under Trog
   358 | D        | Reached XP level 7. HP: 83/83 MP: 6/6
   397 | D        | Noticed a kobold demonologist
   398 | D        | Noticed a kobold demonologist
   399 | D        | Noticed an ice devil
   400 | D        | Reached skill level 12 in Unarmed Combat
   406 | D        | Killed a kobold demonologist
   406 | D        | HP: 3/83 [ice devil[a kobold demonologist] (22)]
   407 | D        | Reached skill level 10 in Fighting
   407 | D        | Reached skill level 13 in Unarmed Combat
   421 | D        | Killed a kobold demonologist
   421 | D        | Reached **** piety under Trog
   422 | D        | Reached XP level 8. HP: 17/94 MP: 7/7
   490 | D        | Noticed a centaur warrior
   491 | D        | Noticed a centaur warrior
   496 | D        | HP: 7/141 [centaur warrior (1)]
   500 | D        | Slain by a centaur warrior

Illustrated notes

Levels and vault maps discovered:
D:        dungeon_sprint_1 [red_sonja_temple_1, red_sonja_temple_small_1]

Skill      XL: |  1  2  3  4  5  6  7 |
---------------+----------------------+-----
Fighting       | 4 5 7 9 10 | 10.4
Unarmed Combat | 5 7 9 11 13 | 13.6
Dodging        | |  2.4

Action                   |  1- 3 |  4- 6 |  7- 9 || total
-------------------------+-------+-------+-------++-------
Melee: Unarmed           |     6 |    15 |    19 ||    40
       Punch             |       |     1 |     1 ||     2
Invok: Berserk           |     2 |     4 |     2 ||     8
       Trog's Hand       |       |       |     1 ||     1
  Use: Potion            |       |       |     2 ||     2
       Scroll            |       |       |     1 ||     1
Armor: Robe              |       |     1 |    13 ||    14
Dodge: Dodged            |     2 |     2 |    18 ||    22
